AoeStats
← Horizon

Nomad

509968121Analyzed
2v2 RM · 4d ago on Sep 28, 2026· 40m 43s· 4 players
Game mode
Random Map
Map size
176×176
Population
200
Speed
Normal
Resources
Standard
Victory
Conquest
Starting age
Dark Age
Ending age
Imperial Age
RankedLock teamsTeams togetherTeam positionsShared explorationLock speedFull tech treeHidden civsTurbo modeCheats
Victory
Defeat
🇬🇷 Vietnamese · Greece
830
+15
🇨🇿 Japanese · Czechia
827
+15
🇺🇸 Khmer · United States
843
-16
🇺🇦 Slavs · Ukraine
790
-14
Horizon
7:44 Loom
16:19 Feudal Age
17:46 Bloodlines
23:05 Wheelbarrow
26:52 Castle Age
27:53 Double-Bit Axe
27:51 Horse Collar
28:05 Fletching
28:15 Padded Archer Armor
28:59 Bodkin Arrow
36:17 Ballistics
35:53 Murder Holes
40:01 Imperial Age
Ctibor
4:59 Loom
18:22 Feudal Age
21:16 Man-at-Arms
22:39 Scale Mail Armor
22:50 Forging
25:03 Castle Age
23:38 Fletching
25:10 Demolition Ship
26:05 Medium Warships
25:38 Fishing Lines
27:07 Double-Bit Axe
27:30 Gillnets
27:56 Squires
27:17 Pikeman
27:51 Stone Mining
30:47 Bodkin Arrow
31:18 Gambesons
31:53 Chain Mail Armor
32:15 Iron Casting
34:31 Wheelbarrow
34:32 Gold Mining
37:07 Hand Cart
39:03 Bow Saw
CROOKED HILLARY
3:33 Loom
16:33 Feudal Age
18:54 Horse Collar
20:00 Wheelbarrow
19:13 Fishing Lines
26:03 Castle Age
26:47 Double-Bit Axe
27:55 Hand Cart
31:44 Gillnets
34:34 Gold Mining
34:35 Stone Mining
Gluyk
3:55 Loom
16:13 Feudal Age
17:30 Wheelbarrow
16:52 Horse Collar
16:58 Fishing Lines
17:12 Town Watch
17:16 Double-Bit Axe
18:38 Gold Mining
24:59 Castle Age
24:19 Stone Mining
26:04 Hand Cart
26:03 Bow Saw
25:59 Heavy Plow
26:00 Gillnets
27:03 Squires
30:06 Town Patrol
29:39 Pikeman
31:02 Scale Barding Armor
30:57 Scale Mail Armor
30:59 Padded Archer Armor
30:51 Fletching
31:11 Forging
37:03 Imperial Age
36:44 Demolition Ship
37:37 Medium Warships
37:34 Caravan
38:21 Gold Shaft Mining
38:20 Crop Rotation
39:58 Murder Holes
40:01 Bodkin Arrow
Connection lost

Rejoining the realm…

Still unreachable

The connection could not be restored.

Session expired

The server has moved on; the page needs a fresh start.